AoeStats
← 89sokol89

Arabia

508869394Analyzed
1v1 RM · 8d ago on Sep 24, 2026· 28m 52s· 2 players
Game mode
Random Map
Map size
Tiny (2 player)
Population
200
Speed
Normal
Resources
Standard
Victory
Conquest
Starting age
Dark Age
Ending age
Imperial Age
RankedLock teamsTeams togetherTeam positionsShared explorationLock speedFull tech treeHidden civsTurbo modeCheats
Victory
Defeat
🇷🇺 Danes · Russia
1225
+15
🇹🇼 Poles · Taiwan
1204
-15
b01204010
7:09 Loom
9:42 Feudal Age
10:26 Double-Bit Axe
15:49 Horse Collar
20:50 Castle Age
19:14 Bloodlines
19:39 Forging
20:03 Scale Barding Armor
20:23 Gold Mining
21:11 Light Cavalry
22:44 Husbandry
89sokol89
7:40 Loom
13:24 Feudal Age
14:06 Double-Bit Axe
15:35 Horse Collar
17:22 Wheelbarrow
21:21 Castle Age
20:22 Scale Mail Armor
20:34 Forging
20:21 Arson
21:57 Pikeman
25:34 Heavy Plow
26:02 Bow Saw
27:57 Squires
Connection lost

Rejoining the realm…

Still unreachable

The connection could not be restored.

Session expired

The server has moved on; the page needs a fresh start.